 Dungeon Sprint DCSS version 0.22-a0-469-gf26638a (webtiles) character file.

135 galech the Fighter (level 5, -3/66 HPs)
             Began as an Ogre Berserker on June 12, 2018.
             Was a Follower of Trog.
             Slain by a neqoxec (7 damage)
             ... in the Dungeon (Sprint II: "The Violet Keep of Menkaure").
             The game lasted 00:00:14 (20 turns).

galech the Fighter (Ogre Berserker)                   Turns: 20, Time: 00:00:14

Health: -3/66      AC:  3    Str: 22    XL:     5   Next: 18%
Magic:  4/4        EV: 11    Int:  8    God:    Trog [*.....]
Gold:   0          SH:  0    Dex:  8    Spells: 4/4 levels left

rFire    . . .     SeeInvis .   a - +0 mace
rCold    . . .     Gourm    .   (no shield)
rNeg     . . .     Faith    .   b - +0 animal skin
rPois    .         Spirit   .   (helmet restricted)
rElec    .         Reflect  .   (no cloak)
rCorr    .         Harm     .   (gloves unavailable)
MR       .....     NoTele   +   (boots unavailable)
Stlth    +.........             (no amulet)
HPRegen  0.21/turn              (no ring)
MPRegen  0.09/turn              (no ring)

@: berserk cooldown, slowed, very slow
A: large, unfitting armour, low mp 1, tough skin 1
a: Berserk, Renounce Religion


You were in the Dungeon.
You worshipped Trog.
Trog was aware of your devotion.
You were not hungry.

You visited 1 branch

Inventory:

Hand Weapons
 a - a +0 mace (weapon)
Armour
 b - a +0 animal skin (worn)
Scrolls
 i - a scroll of blinking
Potions
 d - a potion of curing
 e - a potion of heal wounds
 f - a potion of haste
 g - 2 potions of magic
 h - a potion of berserk rage
Comestibles
 c - a ration


   Skills:
 + Level 8.4 Fighting
 + Level 6.2 Maces & Flails
 + Level 5.4 Dodging


You had 4 spell levels left.
You didn't know any spells.
Your spell library was empty.

Dungeon Overview and Level Annotations

Branches:
Dungeon (1/1)

Altars:


Innate Abilities, Weirdness & Mutations

You are too large for most types of armour.
You have tough skin. (AC +1)
Your magical capacity is low. (-10% MP)


Message History

You have reached level 4!
You have reached level 5!
You start resting.
You feel a strong urge to attack something.
A neqoxec comes into view.
A neqoxec is nearby!
You are no longer berserk.
You are exhausted.
You feel yourself slow down.
You start resting.
The neqoxec is too close now for your liking.
The neqoxec shouts!
You hit the neqoxec.
The neqoxec is lightly wounded.
The neqoxec gestures at you.
Strange energies course through your body.
You barely miss the neqoxec.
The neqoxec is lightly wounded.
The neqoxec hits you!
You die...

#+#
##.##
+@<.+
##3##
#'#
.##
3# ##


You could see a neqoxec.

Vanquished Creatures
  A neqoxec (D)
1 creature vanquished.

Notes
Turn   | Place    | Note
-------+----------+-------------------------------------------
     0 | D        | galech the Ogre Berserker began the quest for the Orb.
     0 | D        | Reached XP level 1. HP: 24/24 MP: 1/1
     1 | D        | Noticed a neqoxec
     4 | D        | Noticed a crimson imp
     4 | D        | Noticed an iron imp
    10 | D        | Gained mutation: Your magical capacity is low. (-10% MP) [a neqoxec]
    12 | D        | HP: 1/36 [neqoxec (1)]
    13 | D        | Killed a neqoxec
    13 | D        | Reached skill level 8 in Fighting
    13 | D        | Reached skill level 5 in Dodging
    13 | D        | Reached XP level 2. HP: 2/42 MP: 1/1
    13 | D        | Reached XP level 3. HP: 2/49 MP: 2/2
    13 | D        | Reached XP level 4. HP: 3/58 MP: 3/3
    13 | D        | Reached XP level 5. HP: 3/66 MP: 4/4
    15 | D        | Noticed a neqoxec
    20 | D        | Slain by a neqoxec

Vault maps used:
D:        the_violet_keep_of_menkaure

Skill      XL: |  1 |
---------------+----+-----
Fighting       | 8 |  8.4
Maces & Flails | 6 |  6.2
Dodging        | 5 |  5.4

Action                   |  1- 3 |  4- 6 || total
-------------------------+-------+-------++-------
Melee: Mace              |    11 |     2 ||    13
Invok: Berserk           |     1 |       ||     1
Armor: Animal skin       |     4 |       ||     4
Dodge: Dodged            |     4 |       ||     4

Table legend:
 A = Spawn XP
 B = Non-spawn XP
 C = Spawn XP percentage of total XP
 D = Spawn monster count
 E = Non-spawn monster count
 F = Spawn count percentage of total count
 G = Total turns spent on level
                    A         B        C        D         E        F      G
               +---------+---------+-------+---------+---------+-------+---------
         Total |       0 |     193 |   0.0 |       0 |       1 |   0.0 |    20
               +---------+---------+-------+---------+---------+-------+---------
             D |       0 |     193 |   0.0 |       0 |       1 |   0.0 |    20
               +---------+---------+-------+---------+---------+-------+---------
